 Dungeon Crawl Stone Soup version 0.30-b1-2-g02819fbbbe (webtiles) character file.

Game seed: 9937622876764509208

7084 psychodelta the Cleaver (level 10, -6/96 HPs)
             Began as a Minotaur Fighter on May 15, 2023.
             Was a Believer of Okawaru.
             Mangled by a hornet (7 damage)
             ... on level 9 of the Dungeon.
             The game lasted 00:13:56 (12080 turns).

psychodelta the Cleaver (Minotaur Fighter)         Turns: 12080, Time: 00:13:57

Health: -6/96      AC: 10    Str: 24    XL:     10   Next: 84%
Magic:  9/11       EV: 16    Int:  5    God:    Okawaru [**....]
Gold:   466        SH:  6    Dex: 11    Spells: 9/9 levels left

rFire   . . .        L - +2 demon whip
rCold   . . .        c - +0 buckler
rNeg    . . .        w - +0 toga "Victory" {*Victory Clar}
rPois   .            (helmet restricted)
rElec   .            (no cloak)
rCorr   .            E - +0 pair of gloves
SInv    .            C - +1 pair of boots
Will    +....        (no amulet)
Stlth   +++          j - ring of willpower
HPRegen 0.36/turn    q - +4 ring of protection
MPRegen 0.12/turn

%: clarity
@: lethally poisoned (-6 -> -10), heroic, slowed, very slow
A: horns 2, retaliatory headbutt
a: Renounce Religion, Heroism


You were on level 9 of the Dungeon.
You worshipped Okawaru.
Okawaru was pleased with you.
You visited 2 branches of the dungeon, and saw 10 of its levels.

You collected 466 gold pieces.

Inventory:

Hand Weapons
 a - a +1 war axe
 J - a +2 glaive of flaming
 L - a +2 demon whip (weapon)
Missiles
 z - 5 throwing nets (quivered)
Armour
 b - a +0 scale mail
 c - a +0 buckler (worn)
 w - the +0 toga "Victory" (worn) {*Victory Clar}
   (You found it on level 3 of the Dungeon)

   *Victory:  When the wearer kills a threatening monster, it has a chance to
   gain +1 AC, +1 Slay, and +1 Int, capping at +7.
   When the wearer uses a scroll or a potion with a hostile monster in sight,
   its bonuses reset to +0.
   Unequipping it also resets its bonuses to +0.
   Clar:      It protects you from confusion, rage, mesmerisation and fear.
 C - a +1 pair of boots (worn)
 E - a +0 pair of gloves (worn)
Jewellery
 j - a ring of willpower (left hand)
 q - a +4 ring of protection (right hand)
 v - a ring of protection from fire
 O - a +6 ring of dexterity
Wands
 y - a wand of flame (61)
 B - a wand of roots (11)
 F - a wand of mindburst (9)
 K - a wand of charming (5)
Scrolls
 d - 2 scrolls of immolation
 f - a scroll of identify
 m - a scroll of vulnerability
 n - 3 scrolls of teleportation
 s - 2 scrolls of magic mapping
 t - a scroll of silence
 u - 2 scrolls of blinking
 x - a scroll of poison
 A - 2 scrolls of summoning
 D - a scroll of enchant armour {unknown}
 M - a scroll of fear {unknown}
 N - a scroll of amnesia {unknown}
Potions
 e - a potion of berserk rage {unknown}
 g - a potion of brilliance {unknown}
 h - 8 potions of curing
 i - a potion of ambrosia {unknown}
 k - a potion of flight {unknown}
 l - a potion of mutation {unknown}
 o - 2 potions of heal wounds {unknown}
 p - a potion of lignification {unknown}
 r - 2 potions of cancellation {unknown}
 G - a potion of resistance {unknown}
 H - 2 potions of haste {unknown}
 I - 2 potions of degeneration {unknown}


   Skills:
 * Level 11.3(16.3) Fighting
 - Level 11.6(17.1) Axes
 * Level 5.4(14.3) Maces & Flails
 - Level 4.6(9.6) Armour
 + Level 7.5(12.5) Dodging
 - Level 0.1(5.1) Stealth
 - Level 6.0(11.0) Shields
 * Level 3.7 Invocations


You had 9 spell levels left.
You didn't know any spells.
Your spell library contained the following spells:

 Spells                   Type           Power      Damage    Failure   Level
 Slow                     Hex            0%         N/A       52%         1
 Ensorcelled Hibernation  Hex/Ice        0%         N/A       65%         2
 Lesser Beckoning         Tloc           0%         N/A       65%         2
 Passwall                 Tmut/Erth      0%         N/A       65%         2
 Confusing Touch          Hex            0%         N/A       87%         3
 Gell's Gravitas          Tloc           0%         N/A       87%         3
 Swiftness                Air            0%         N/A       87%         3
 Teleport Other           Tloc           0%         N/A       87%         3
 Vampiric Draining        Necr           0%         2d6       87%         3
 Volatile Blastmotes      Fire/Tloc      0%         2d10      87%         3
 Fulminant Prism          Conj/Hex       0%         3d5       99%         4
 Iskenderun's Mystic Bla  Conj/Tloc      0%         2d3       99%         4
 Lee's Rapid Deconstruct  Erth           0%         3d4*      100%        5
 Ozocubu's Refrigeration  Ice            0%         4d7       100%        7
 Storm Form               Tmut/Air       0%         N/A       100%        7
 Maxwell's Capacitive Co  Air            0%         ∞         100%        8
 Polar Vortex             Ice            0%         N/A       100%        9
 Summon Lightning Spire   Summ/Air       Unusable   N/A       N/A         4
 Simulacrum               Ice/Necr       Unusable   N/A       N/A         6

Dungeon Overview and Level Annotations

Branches:
Dungeon (9/15)             Temple (1/1) D:7             Orc (0/2) D:9
   Lair: D:8-11

Altars:
Ashenzari
Cheibriados
Dithmenos
Elyvilon
Gozag
Hepliaklqana
Kikubaaqudgha
Makhleb
Nemelex Xobeh
Okawaru
Qazlal
Ru
Sif Muna
Trog
Uskayaw
Wu Jian
Xom
Yredelemnul
Zin
The Shining One

Shops:
D:1 *[(::   D:3 [   D:4 (


Innate Abilities, Weirdness & Mutations

You have a pair of horns on your head.
You reflexively headbutt those who attack you in melee.


Message History

You are too injured to fight recklessly!
You are too injured to fight recklessly!
You are too injured to fight recklessly!
You are too injured to fight recklessly!
You are too injured to fight recklessly!
You are too injured to fight recklessly!
You are too injured to fight recklessly!
You are too injured to fight recklessly!
You are too injured to fight recklessly!
You are too injured to fight recklessly!
You are too injured to fight recklessly!
You are too injured to fight recklessly!
You are too injured to fight recklessly!
You are too injured to fight recklessly!
Really quaff with monsters nearby while wearing the +7 toga "Victory"?
You feel better.
The +0 toga "Victory" stops glowing.
The hornet stings you.
You are poisoned.
You feel as though you will be slow longer.
You block the hornet's attack. The cyclops completely misses you.
You hit the cyclops.
The cyclops is heavily wounded.
You feel very sick. The hornet stings you!
You feel as though you will be slow longer.
You hit the cyclops. You headbutt the cyclops!
The cyclops is almost dead.
You feel sick. The hornet misses you. The cyclops hits you!
* * * LOW HITPOINT WARNING * * *
The hornet stings you!
* * * LOW HITPOINT WARNING * * *
You feel as though you will be slow longer.
You gain the combat prowess of a mighty hero.
Okawaru will no longer gift you throwing weapons.
* * * LOW HITPOINT WARNING * * *
You feel sick. You block the hornet's attack. The cyclops hits you.
* * * LOW HITPOINT WARNING * * *
The hornet stings you!
You die...

#.#..........###
.....
#.##..........#
.....
#.##....÷.....#
....
#.##..##.##...#
....
#..#...##.##..#
....
##.....##.##..#
####..###.####
##.##.).#
#.@##.§÷#
#yC##..÷#
#..###### #...
#... ##... ##..
###


You could see a cyclops and a hornet.

Vanquished Creatures
  A two-headed ogre (D:9)
  Pikel (D:6)
  Maggie (D:8)
  A troll (D:6)
  Prince Ribbit (D:5)
  Grinder (D:6)
  A hornet (D:9)
  A shadow (D:9)
  13 yaks
  2 wyverns
  A steam dragon (D:8)
  Menkaure (D:5)
  A water moccasin (D:8)
  A sky beast (D:7)
  A black bear (D:4)
  3 ice beasts
  4 ogres
  A centaur (D:9)
  A lemure (D:6)
  2 kobold brigands
  Blork the orc (D:6)
  3 bullfrogs (D:8)
  3 scorpions
  A hound (D:7)
  2 jellies
  2 orc priests (D:8)
  A sleepcap (D:5)
  3 gnoll boudas
  4 iguanas
  8 orc wizards
  10 adders
  13 gnolls
  3 white imps
  3 dart slugs
  17 orcs
  5 endoplasms
  2 giant cockroaches
  A goblin (D:1)
  5 hobgoblins
  7 jackals (D:1)
  9 kobolds
  3 quokkas
  3 training dummies (D:4)
  7 ball pythons
  4 bats
  4 frilled lizards
  5 rats (D:1)
  A bush (D:9)
169 creatures vanquished.

Vanquished Creatures (others)
  A plant (D:7)
1 creature vanquished.

Grand Total: 170 creatures vanquished

Notes
Turn   | Place    | Note
-------+----------+-------------------------------------------
     0 | D:1      | psychodelta the Minotaur Fighter began the quest for the
                  | Orb.
     0 | D:1      | Reached XP level 1. HP: 19/19 MP: 0/0
    60 | D:1      | Reached XP level 2. HP: 22/27 MP: 1/1
    94 | D:1      | Found Giskaboc's Antique Armour Boutique.
   144 | D:1      | Found Sajaoronn's Book Shoppe.
   338 | D:1      | Found Imiag's Book Boutique.
   438 | D:1      | Reached XP level 3. HP: 27/33 MP: 2/2
   493 | D:1      | Found Qazxuofy's Weapon Boutique.
   761 | D:1      | Found Voran's General Store.
  1758 | D:3      | Found a sparkling altar of Nemelex Xobeh.
  1760 | D:3      | Reached XP level 4. HP: 40/40 MP: 3/3
  1762 | D:3      | Reached skill level 1 in Dodging
  1850 | D:3      | Found a hide-covered altar of Uskayaw.
  1852 | D:3      | Found a hazy altar of Hepliaklqana.
  2048 | D:3      | Found Lusu's Antique Armour Emporium.
  2086 | D:3      | Found an ornate altar of the Wu Jian Council.
  2134 | D:3      | Found the +0 toga "Victory" {*Victory Clar}
  2496 | D:4      | Found a glowing silver altar of Zin.
  2550 | D:4      | Noticed an ogre
  2555 | D:4      | Killed an ogre
  2556 | D:4      | Reached XP level 5. HP: 47/47 MP: 4/4
  2715 | D:4      | Noticed a black bear
  2720 | D:4      | Killed a black bear
  2721 | D:4      | Reached skill level 5 in Fighting
  2721 | D:4      | Reached skill level 5 in Axes
  2721 | D:4      | Reached XP level 6. HP: 44/56 MP: 5/5
  2768 | D:4      | Found Hilerito's Firing Range.
  3465 | D:5      | Entered Level 5 of the Dungeon
  5308 | D:5      | Noticed Menkaure
  5315 | D:5      | Killed Menkaure
  5316 | D:5      | Reached XP level 7. HP: 42/61 MP: 6/6
  5739 | D:5      | Noticed Prince Ribbit
  5750 | D:5      | Killed Prince Ribbit
  6471 | D:5      | Reached skill level 5 in Shields
  6628 | D:5      | Reached XP level 8. HP: 70/71 MP: 7/7
  6631 | D:5      | Found a white marble altar of Elyvilon.
  6789 | D:5      | Reached skill level 5 in Dodging
  7238 | D:6      | Noticed Blork the orc
  7244 | D:6      | Killed Blork the orc
  7269 | D:6      | Reached XP level 9. HP: 81/81 MP: 8/8
  7282 | D:6      | Noticed Pikel
  7296 | D:6      | Killed Pikel
  7454 | D:6      | Noticed a troll
  8422 | D:6      | Noticed Grinder
  8427 | D:6      | Killed Grinder
  8723 | D:6      | Killed a troll
  8724 | D:6      | Reached skill level 10 in Axes
  9268 | D:7      | Found a burning altar of Makhleb.
  9396 | D:7      | Found a staircase to the Ecumenical Temple.
  9413 | Temple   | Entered the Ecumenical Temple
  9475 | Temple   | Became a worshipper of Warmaster Okawaru
 10652 | D:8      | Reached skill level 1 in Invocations
 10656 | D:8      | Reached skill level 10 in Fighting
 10934 | D:8      | Reached XP level 10. HP: 72/93 MP: 9/9
 11136 | D:8      | Noticed Maggie
 11148 | D:8      | Killed Maggie
 11177 | D:8      | Reached * piety under Okawaru
 11351 | D:8      | Reached skill level 1 in Maces & Flails
 11360 | D:8      | Reached ** piety under Okawaru
 11700 | D:9      | Noticed a two-headed ogre
 11705 | D:9      | Killed a two-headed ogre
 11850 | D:9      | Reached skill level 5 in Maces & Flails
 11851 | D:9      | Found a staircase to the Orcish Mines.
 12049 | D:9      | Reached *** piety under Okawaru
 12070 | D:9      | Noticed a cyclops
 12080 | D:9      | HP: 1/96 [cyclops (4)]
 12080 | D:9      | Mangled by a hornet

Illustrated notes

Levels and vault maps discovered:
D:1:      lemuel_arrival_hallway, layout_basic, serial_shops, shop, shop, shop,
          shop, nicolae_shop_peninsula, minmay_3d_cube
D:2:      layout_basic
D:3:      layout_loops_cross, general_overflow_altar,
          grunt_temple_overflow_open, mainiacjoe_overflow_tiny_flanked,
          serial_shops, shop, kennysheep_generic_room_8
D:4:      layout_layer_cave, mainiacjoe_overflow_boulevard,
          nicolae_shop_firing_range
D:5:      layout_basic, mainiacjoe_overflow_paths, uniq_menkaure,
          uniq_prince_ribbit1
D:6:      layout_loops_ring, uniq_pikel, uniq_blork_the_orc, uniq_grinder
D:7:      layout_layer_cave, bloody_makhleb, minmay_temple_entry_gardened_gates
D:8:      layout_loops_corners, minivault_22, supply_closet_lemuel, uniq_maggie
D:9:      layout_rooms, orc_0_dummy, grunt_ogre_cave, kb_lookout_dungeons_type
Temple:   nicolae_temple_god_jail

Skill      XL: |  1  2  3  4  5  6  7  8  9 10 |
---------------+-------------------------------+-----
Fighting       | 4 5 6 8 10 11 | 11.3
Armour         | 4 |  4.6
Shields        | 4 5 6 |  6.0
Axes           | 3 4 5 7 8 11 | 11.6
Dodging        | 1 2 3 4 6 7 |  7.5
Invocations    | 1 3 |  3.7
Maces & Flails | 5 |  5.4
Stealth        | |  0.1

Action                     |  1- 3 |  4- 6 |  7- 9 | 10-12 || total
---------------------------+-------+-------+-------+-------++-------
  Melee: War axe           |    95 |    67 |   149 |    21 ||   332
         Headbutt          |    16 |     7 |    30 |    29 ||    82
         Demon whip        |       |       |       |    73 ||    73
 Invoke: Heroism           |       |       |       |     1 ||     1
    Use: Potion            |       |     2 |       |     1 ||     3
         Scroll            |       |     2 |     7 |     2 ||    11
   Stab: Sleeping          |       |     1 |       |       ||     1
 Armour: Scale mail        |    50 |     2 |       |       ||    52
         Robe              |       |    10 |    52 |    22 ||    84
  Dodge: Dodged            |    49 |    57 |    92 |    34 ||   232
  Block: Buckler           |    23 |    20 |    27 |    14 ||    84
